 Dungeon Crawl Stone Soup version 0.31.0-11-ge490571c62 (webtiles) character file.

Game seed: 17331627742334013508

928 browni3141 the Merchant of Misery (level 8, -2/62 HPs)
             Began as a Barachi Monk on Feb 1, 2024.
             Was a Believer of Kikubaaqudgha.
             Slain by a gnoll sergeant
             ... wielding a +0 trident
              (6 damage)
             ... on level 7 of the Dungeon.
             The game lasted 00:15:14 (1337 turns).

browni3141 the Merchant of Misery (Barachi Monk)    Turns: 1337, Time: 00:15:15

Health: -2/62      AC:  7    Str: 16    XL:     8   Next: 11%
Magic:  5/11       EV: 14    Int: 13    God:    Kikubaaqudgha [**....]
Gold:   169        SH:  0    Dex: 16    Spells: 4/11 levels left

rFire   + + .        a - +0 falchion
rCold   + + .        d - orb {light}
rNeg    . . .        n - +2 robe {rC+ rF+}
rPois   .            (no helmet)
rElec   .            k - scarf "Juis" {rC+ rF+, Regen+ Str+3 Dex+2}
rCorr   .            j - +1 pair of gloves
SInv    .            G - +0 pair of boots {rampage}
Will    .....        (no amulet)
Stlth   +            (no ring)
HPRegen 1.10/turn    (no ring)
MPRegen 0.12/turn

%: rampage
@: lethally poisoned (-2 -> -2), unable to hop, animating dead, glowing, slow
A: amphibious, slowness 1, strong legs 1, +LOS
a: Hop, Renounce Religion, Unearth Wretches


You were on level 7 of the Dungeon.
You worshipped Kikubaaqudgha.
Kikubaaqudgha was pleased with you.
You visited 1 branch of the dungeon, and saw 7 of its levels.
You also visited: Ossuary.

You collected 169 gold pieces.

Inventory:

Hand Weapons
 a - a +0 falchion (weapon)
Missiles
 t - 2 poisoned darts
Armour
 b - a +0 robe
 d - an orb of light (worn)
 j - a +1 pair of gloves (worn)
 k - the scarf "Juis" (worn) {rC+ rF+, Regen+ Str+3 Dex+2}
   (You acquired it on level 2 of the Dungeon)

   Str+3:     It affects your strength (+3).
   Dex+2:     It affects your dexterity (+2).
   Regen+:    It increases your rate of health regeneration.
 n - a +2 robe of resistance (worn)
 G - a +0 pair of boots of rampaging (worn)
Wands
 B - a wand of polymorph (3)
 F - a wand of flame (19)
 H - a wand of iceblast (8)
Scrolls
 o - a scroll of immolation
 s - a scroll of fear
 x - a scroll of torment
 y - a scroll of blinking
 z - a scroll of teleportation {unknown}
 A - a scroll of revelation {unknown}
 D - a scroll of amnesia {unknown}
Potions
 c - 2 potions of ambrosia
 m - a potion of heal wounds
 q - a potion of attraction
 u - a potion of degeneration {unknown}
 v - a potion of mutation {unknown}
 w - 4 potions of resistance {unknown}
 C - a potion of enlightenment {unknown}
 E - a potion of invisibility {unknown}


   Skills:
 - Level 5.0 Fighting
 - Level 5.0 Long Blades
 - Level 4.1 Dodging
 - Level 2.0 Spellcasting
 * Level 6.5 Necromancy


You had 4 spell levels left.
You knew the following spells:

 Your Spells              Type           Power      Damage    Failure   Level
a - Vampiric Draining     Necr           18%        2d7       5%          3
b - Animate Dead          Necr           18%        N/A       17%         4

Your spell library contained the following spells:

 Spells                   Type           Power      Damage    Failure   Level
 Necrotise                Necr           72%        1d7       1%          1
 Kiss of Death            Conj/Necr      36%        2d8       7%          1
 Shock                    Conj/Air       4%         1d3       26%         1
 Martyr's Knell           Necr/Summ      9%         N/A       54%         4
 Swiftness                Air            1%         N/A       58%         3
 Airstrike                Air            0%         2d(1-17)  94%         4
 Curse of Agony           Necr           18%        N/A       43%         5
 Borgnjor's Vile Clutch   Necr/Erth      4%         N/A       88%         5
 Death Channel            Necr           9%         N/A       95%         6


Dungeon Overview and Level Annotations

Branches:
Dungeon (7/15)            Ossuary (visited)
 Temple: D:4-7

Altars:
Kikubaaqudgha
Ru


Innate Abilities, Weirdness & Mutations

You are amphibious.
You cover ground slowly.
You can hop short distances.
You have an extended range of vision and can be seen from far away.


Message History

The centaur is almost dead.
The centaur misses you.
The centaur kicks you but does no damage.
You hit the centaur.
You kill the centaur!
Kikubaaqudgha accepts your kill.
Your Necromancy skill increases to level 6!
Hop to where?
Press: ? - help, Dir - move target A water moccasin comes into view.
Boing!
The water moccasin hisses angrily.
Casting: Vampiric Draining (dangerous; 7% risk of failure)
Confirm with . or Enter, or press ? or * to list all spells.
You call upon the dead to rise.
A gnoll sergeant comes into view. It is wielding a +0 trident.
The gnoll sergeant shouts!
You hit the water moccasin.
The water moccasin is lightly wounded.
The water moccasin bites you.
You hit the water moccasin.
The water moccasin is lightly wounded.
The water moccasin bites you but does no damage. x2
You hit the water moccasin.
The water moccasin is moderately wounded.
The water moccasin closely misses you.
You closely miss the water moccasin.
The water moccasin is moderately wounded.
The water moccasin bites you but does no damage.
The water moccasin bites you. The gnoll sergeant barely misses you.
You slash the water moccasin!
The water moccasin is heavily wounded.
The water moccasin misses you.
The gnoll sergeant hits you from afar with a +0 trident!
You slash the water moccasin!
The water moccasin is severely wounded.
The water moccasin closely misses you. The water moccasin bites you.
A gnoll comes into view. It is wielding a +0 club.
The gnoll sergeant hits you from afar with a +0 trident.
The gnoll shouts!
You hit the water moccasin.
The water moccasin is almost dead.
You hear a shout!
The water moccasin bites you.
You are poisoned.
The water moccasin poisons you! The gnoll sergeant closely misses you.
You barely miss the water moccasin.
The water moccasin is almost dead.
You feel very sick. The water moccasin misses you.
The gnoll sergeant completely misses you.
The water moccasin barely misses you.
You slash the water moccasin!
You kill the water moccasin!
Kikubaaqudgha accepts your kill.
The dead are slithering!
You feel very sick. The gnoll sergeant closely misses you.
You have reached level 8!
You feel clever.
A killer bee comes into view.
The killer bee buzzes angrily.
Kikubaaqudgha calls piteous wretches from the earth!
An orc and a goblin come into view.
You feel sick.
You hear a shout! x2
The gnoll sergeant hits you from afar with a +0 trident.
Unknown command.
You hit the gnoll but do no damage.
You feel sick.
A gnoll comes into view. It is wielding a +0 whip.
The gnoll sergeant closely misses you.
The helpless goblin fails to defend itself.
You slash the goblin!
You kill the goblin!
That felt strangely unrewarding.
The dead are walking!
You feel sick.
A nearby orc perishes wretchedly.
A nearby killer bee perishes wretchedly.
The dead are flying!
The dead are walking!
Your water moccasin zombie bites the gnoll but does no damage.
The gnoll hits you with a +0 club! The gnoll sergeant barely misses you.
You swap places.
You feel sick.
Your water moccasin zombie bites the gnoll.
The gnoll closely misses your killer bee zombie.
The gnoll sergeant hits you with a +0 trident!
The gnoll barely misses you.
Your water moccasin zombie misses the gnoll.
Your killer bee zombie hits the gnoll sergeant but does no damage.
Your goblin zombie closely misses the gnoll.
You feel sick.
Your killer bee zombie hits the gnoll sergeant but does no damage.
The gnoll closely misses your killer bee zombie.
The gnoll sergeant hits you from afar with a +0 trident!
The gnoll hits your water moccasin zombie with a +0 club.
Your water moccasin zombie bites the gnoll.
The gnoll sergeant blocks your killer bee zombie's attack.
The gnoll hits your killer bee zombie with a +0 whip!
The gnoll hits your water moccasin zombie with a +0 club.
The gnoll sergeant hits you from afar with a +0 trident.
You die...
Kikubaaqudgha rasps: "You have failed me!
Welcome... death!"

### #.# #.. #.# #.#
#.# #.# #.# #.# #.#
#.# ###.## #.# #.....
#.# #######..)..
#@###.............
#####Z.gg.........#'##
#.Z..gZZ###########.#
#.#####.............#
###############


You could see a gnoll sergeant, 2 gnolls, a friendly water moccasin zombie, a
friendly killer bee zombie and a friendly goblin zombie.

Vanquished Creatures
  Sigmund (D:2)
  A water moccasin (D:7)
  A sky beast (D:7)
  A black bear (D:6)
  A centaur (D:7)
  A human zombie (Ossuary)
  2 orc priests (D:6)
  A hound (D:6)
  2 sleepcaps
  Jessica (D:2)
  An iguana (D:6)
  An orc wizard (D:3)
  4 mummies (Ossuary)
  4 adders
  A white imp (D:6)
  3 ufetubi
  An adder zombie (Ossuary)
  A dart slug (D:1)
  5 orcs
  A bat (D:3)
  4 endoplasms
  2 giant cockroaches (D:2)
  5 goblins
  5 hobgoblins
  3 jackals (D:2)
  A quokka (D:4)
  5 ball pythons
  A frilled lizard (D:3)
  4 goblin zombies (Ossuary)
  2 hobgoblin zombies (Ossuary)
  2 jackal zombies (Ossuary)
  5 kobolds
  An orc zombie (Ossuary)
  A rat zombie (Ossuary)
75 creatures vanquished.

Vanquished Creatures (others)
  A killer bee (D:7)
  An orc (D:7)
2 creatures vanquished.

Grand Total: 77 creatures vanquished

Notes
Turn   | Place    | Note
-------+----------+-------------------------------------------
     0 | D:1      | browni3141 the Barachi Monk began the quest for the Orb.
     0 | D:1      | Reached XP level 1. HP: 18/18 MP: 1/1
    53 | D:1      | Reached XP level 2. HP: 14/25 MP: 2/2
   110 | D:2      | Found an ancient bone altar of Kikubaaqudgha.
   117 | D:2      | Reached skill level 1 in Necromancy
   137 | D:2      | Became a worshipper of Kikubaaqudgha
   137 | D:2      | Reached * piety under Kikubaaqudgha
   137 | D:2      | Received a gift from Kikubaaqudgha
   137 | D:2      | Reached ** piety under Kikubaaqudgha
   200 | D:2      | Identified a scroll of acquirement
   201 | D:2      | Acquired the scarf "Juis" {rC+ rF+, Regen+ Str+3 Dex+2}
   264 | D:2      | Reached XP level 3. HP: 30/30 MP: 2/4
   294 | D:2      | Noticed Jessica
   299 | D:2      | Killed Jessica
   300 | D:2      | Reached skill level 1 in Spellcasting
   300 | D:2      | Reached XP level 4. HP: 37/37 MP: 5/5
   317 | D:2      | Noticed Sigmund
   326 | D:2      | Killed Sigmund
   327 | D:2      | Reached skill level 2 in Necromancy
   327 | D:2      | Reached XP level 5. HP: 38/43 MP: 5/7
   341 | D:2      | Identified the +2 scale mail of Precision Catastrophes
                  | {rElec rF- Str+4}
   358 | D:2      | Learned a level 3 spell: Vampiric Draining
   363 | D:2      | Learned a level 4 spell: Animate Dead
   430 | D:4      | Noticed an ogre
   485 | D:3      | Reached XP level 6. HP: 43/49 MP: 8/8
   636 | D:3      | Reached skill level 3 in Necromancy
   769 | D:4      | Found a sand-covered staircase.
   788 | Ossuary  | Entered an ossuary
   821 | Ossuary  | Reached skill level 5 in Fighting
   934 | Ossuary  | Reached skill level 5 in Long Blades
   986 | D:5      | Entered Level 5 of the Dungeon
  1035 | D:5      | Reached skill level 4 in Necromancy
  1035 | D:5      | Reached XP level 7. HP: 50/56 MP: 10/10
  1103 | D:6      | Reached *** piety under Kikubaaqudgha
  1103 | D:6      | Received a gift from Kikubaaqudgha
  1183 | D:6      | Reached skill level 5 in Necromancy
  1204 | D:6      | Found a sacrificial altar of Ru.
  1322 | D:7      | Reached skill level 6 in Necromancy
  1333 | D:7      | Reached XP level 8. HP: 39/62 MP: 7/11
  1337 | D:7      | Slain by a gnoll sergeant

Illustrated notes

Levels and vault maps discovered:
D:1:      tarquinn_simple_flora_water_f, layout_rooms,
          chequers_serial_rivers_micro_d, hangedman_abyss_or_decor_lesser_grid
D:2:      minmay_razor_zed, layout_basic, basic_altar, uniq_crazy_yiuf_cottage,
          uniq_jessica, uniq_sigmund
D:3:      layout_loops_ring
D:4:      layout_loops_ring, nicolae_sif_muna_little_library,
          minmay_temple_entry_nine_rooms, enter_ossuary_1, uniq_pikel
D:5:      layout_loops_ring, uniq_ijyb, uniq_prince_ribbit1
D:6:      layout_loops_corners, mainiacjoe_overflow_six_doors_small
D:7:      layout_basic, nicolae_qazlal_general_emergency,
          roadster_capsule_ark_zombie, uniq_duvessa

Skill      XL: |  1  2  3  4  5  6  7 |
---------------+----------------------+-----
Necromancy     | 1 2 4 6 |  6.5
Fighting       | 4 5 |  5.0
Long Blades    | 4 5 |  5.0
Spellcasting   | 1 2 |  2.0
Dodging        | 4 |  4.1

Action                     |  1- 3 |  4- 6 |  7- 9 || total
---------------------------+-------+-------+-------++-------
  Melee: Falchion          |    46 |   141 |    68 ||   255
   Cast: Vampiric Draining |       |       |     3 ||     3
         Animate Dead      |       |       |     1 ||     1
 Invoke: Unearth Wretches  |       |       |     1 ||     1
Ability: Hop               |     3 |     3 |     2 ||     8
  Evoke: Wand              |       |     5 |       ||     5
    Use: Scroll            |     4 |     5 |     2 ||    11
         Potion            |       |     2 |       ||     2
   Stab: Paralysed         |       |       |     1 ||     1
 Armour: Robe              |    19 |    88 |    47 ||   154
  Dodge: Dodged            |    33 |   162 |    58 ||   253
